 Dungeon Crawl Stone Soup version 0.20.1-1-g8b1a95d (console) character file.

1789 vuolankoinen the Covert (level 9, -1/61 HPs)
             Began as an Octopode Enchanter on Nov 27, 2017.
             Was an Initiate of Elyvilon.
             Slain by an iguana (12 damage)
             ... on level 8 of the Dungeon.
             The game lasted 00:21:54 (6576 turns).

vuolankoinen the Covert (Octopode Enchanter)        Turns: 6576, Time: 00:21:54

Health: -1/61      AC:  1    Str: 10    XL:     9   Next: 8%
Magic:  9/15       EV: 14    Int: 17    God:    Elyvilon [......]
Gold:   370        SH:  0    Dex: 13    Spells: 3/16 levels left

rFire    . . .     SeeInvis .   G - +3 great sword (curse)
rCold    . . .     Gourm    .   (shield currently unavailable)
rNeg     . . .     Faith    .   (helmet restricted)
rPois    .         Spirit   .   (no amulet)
rElec    .         Reflect  .   o - ring of wizardry
rCorr    .         Harm     .   (no ring)
MR       .....                  (no ring)
Stlth    +++++.....             (no ring)
Regen    0.2/turn               (no ring)
MPRegen  0.2/turn               (no ring)
                                (no ring)
                                (no ring)

@: no status effects
A: almost no armour, stealthy swim, amphibious, 8 rings, constrict 8, camouflage
1, gelatinous body 1
a: Renounce Religion


You were on level 8 of the Dungeon.
You worshipped Elyvilon.
Elyvilon was noncommittal.
You were not hungry.

You visited 2 branches of the dungeon, and saw 9 of its levels.

You collected 370 gold pieces.

Inventory:

Hand Weapons
 a - a +1 dagger
 y - a +0 dagger of protection
 G - a cursed +3 great sword (weapon)
Missiles
 s - 6 javelins (quivered)
Magical Staves
 D - an uncursed staff of conjuration {unknown}
Jewellery
 o - a ring of wizardry (left tentacle)
 q - an uncursed ring of see invisible {unknown}
Wands
 A - a wand of confusion (14/48)
 I - a wand of digging (9/24)
Scrolls
 d - 2 scrolls of enchant armour {unknown}
 e - a scroll of immolation {unknown}
 f - a scroll of recharging {unknown}
 g - 9 scrolls of identify {unknown}
 h - 3 scrolls of teleportation {unknown}
 i - 2 scrolls of remove curse {unknown}
 k - 2 scrolls of magic mapping {unknown}
 u - a scroll of random uselessness {unknown}
 v - a scroll of amnesia {unknown}
 w - 2 scrolls of enchant weapon {unknown}
 H - a scroll of holy word {unknown}
Potions
 j - a potion of agility {unknown}
 l - a potion of cancellation {unknown}
 n - a potion of brilliance {unknown}
 r - a potion of ambrosia {unknown}
 x - 2 potions of resistance {unknown}
 z - a potion of flight {unknown}
 C - 4 potions of curing {unknown}
 E - 5 potions of heal wounds {unknown}
Books
 b - a book of Maledictions

   Spells                             Type                      Level
   a - Corona                         Hexes                        1
   b - Ensorcelled Hibernation        Hexes/Ice                    2
   c - Confuse                        Hexes                        3
   d - Tukima's Dance                 Hexes                        3
   e - Dazzling Spray                 Conjuration/Hexes            3
 p - a book of Misfortune

   Spells                             Type                      Level
   a - Confusing Touch                Hexes                        1
   b - Confuse                        Hexes                        3
   c - Gell's Gravitas                Translocation                3
   d - Petrify                        Transmutation/Earth          4
   e - Metabolic Englaciation         Hexes/Ice                    5
   f - Yara's Violent Unravelling     Hexes/Transmutation          5
 F - a book of Changes

   Spells                             Type                      Level
   a - Beastly Appendage              Transmutation                1
   b - Sticks to Snakes               Transmutation                2
   c - Spider Form                    Transmutation/Poison         3
   d - Ice Form                       Ice/Transmutation            4
   e - Blade Hands                    Transmutation                5
Comestibles
 c - 4 bread rations
 m - 2 meat rations
 t - 2 royal jellies
 B - 2 fruits


   Skills:
 * Level 5.1 Fighting
 * Level 5.4 Short Blades
 + Level 3.1 Dodging
 + Level 10.1 Stealth
 + Level 4.3 Spellcasting
 + Level 3.2 Hexes
 - Level 1.3 Ice Magic


You had 3 spell levels left.
You knew the following spells:

 Your Spells              Type           Power        Failure   Level  Hunger
a - Corona                Hex            ##.....      1%          1    None
b - Ensorcelled Hibernat  Hex/Ice        ##....       3%          2    ##.....
c - Confuse               Hex            ##......     4%          3    ###....
d - Tukima's Dance        Hex            ##......     4%          3    ###....
e - Petrify               Tmut/Erth      #.......     50%         4    ####...


Dungeon Overview and Level Annotations

Branches:
Dungeon (8/15)             Temple (1/1) D:7
   Lair: D:8-11

Altars:
Dithmenos
Elyvilon
Fedhas
Gozag
Hepliaklqana
Kikubaaqudgha
Makhleb
Okawaru
Qazlal
Ru
Trog
Vehumet
Xom
Yredelemnul
The Shining One

Annotations:
D:3 Regeox's ghost, amateur HOCK
D:6 2 transporters
D:7 2-ogre


Innate Abilities, Weirdness & Mutations

You cannot wear most types of armour.
You are very stealthy in the water. (Stealth+)
You are amphibious.
You can wear up to eight rings at the same time.
You can use your tentacles to constrict eight enemies at once.
Your skin changes colour to match your surroundings (Stealth+).
Your rubbery body absorbs attacks. (AC +1, EV +1)


Message History

There is a stone staircase leading up here.
You open the door.
A two-headed ogre comes into view. It is wielding two giant spiked clubs.
An iguana comes into view.
There is an open door here.
Found a scroll labeled VICOECU BOPTA.
The helpless two-headed ogre fails to defend itself.
You slice the two-headed ogre!!
The two-headed ogre is moderately wounded.
The two-headed ogre hits you with a giant spiked club! x2
The iguana hisses angrily.
You hit the two-headed ogre.
Your squeeze misses the two-headed ogre.
The two-headed ogre is heavily wounded.
The two-headed ogre hits you with a giant spiked club!!
* * * LOW HITPOINT WARNING * * *
The two-headed ogre hits you with a giant spiked club!!
Elyvilon protects you from harm! The iguana bites you!
You die...

.... #...
#... ##...##
#.....#
#.....#
#.....###
#.....'<#
#....@###
#...Ol.......
###.......###
#.......#
##....?.#
#......#
#......#
##+###.#


You could see a two-headed ogre and an iguana.

Vanquished Creatures
  2 ice beasts
  2 ogres
  2 centaurs
  A bullfrog (D:6)
  2 scorpions
  3 wights (D:7)
  A howler monkey (D:4)
  2 centaur zombies
  3 crimson imps
  5 hounds
  2 jellies
  A bullfrog skeleton (D:6)
  A centaur skeleton (D:5)
  Crazy Yiuf (D:2)
  Jessica (D:2)
  2 iguanas
  2 orc wizards
  5 worker ants
  A hound skeleton (D:4)
  Robin (D:2)
  8 adders
  A shadow imp (D:5)
  3 oozes
  4 worms
  2 dart slugs (D:1)
  3 leopard geckos
  12 orcs
  5 giant cockroaches
  7 hobgoblins
  11 jackals
  11 kobolds
  2 quokkas
  2 bats
  11 frilled lizards
  15 goblins
  A jackal skeleton (D:4)
  A quokka skeleton (D:7)
  14 rats
  A fungus (D:2)
154 creatures vanquished.

Vanquished Creatures (others)
  A withered plant (D:2)
1 creature vanquished.

Grand Total: 155 creatures vanquished

Notes
Turn   | Place    | Note
-------+----------+-------------------------------------------
     0 | D:1      | vuolankoinen the Octopode Enchanter began the quest for the Orb.
     0 | D:1      | Reached XP level 1. HP: 11/11 MP: 3/3
   133 | D:1      | Reached XP level 2. HP: 16/18 MP: 5/5
   140 | D:1      | Learned a level 2 spell: Ensorcelled Hibernation
   390 | D:1      | Reached skill level 1 in Fighting
   555 | D:1      | Reached XP level 3. HP: 23/23 MP: 6/6
   936 | D:2      | Noticed Robin
  1034 | D:2      | Reached skill level 5 in Stealth
  1418 | D:2      | Noticed Jessica
  1425 | D:2      | Killed Jessica
  1425 | D:2      | Reached XP level 4. HP: 28/28 MP: 7/7
  1743 | D:2      | Killed Robin
  1743 | D:2      | Reached skill level 6 in Stealth
  1743 | D:2      | Reached XP level 5. HP: 32/33 MP: 4/8
  1830 | D:2      | Found an ancient bone altar of Kikubaaqudgha.
  2143 | D:2      | Found a runed door.
  2147 | D:2      | Noticed Crazy Yiuf
  2151 | D:2      | Killed Crazy Yiuf
  2243 | D:3      | Noticed Regeox's ghost (amateur HOCK)
  2524 | D:3      | Reached XP level 6. HP: 34/41 MP: 9/9
  2614 | D:3      | Reached skill level 1 in Ice Magic
  3461 | D:4      | Reached XP level 7. HP: 46/46 MP: 10/10
  3501 | D:4      | Found an iron altar of Okawaru.
  3628 | D:4      | Found a glowing golden altar of the Shining One.
  3656 | D:5      | Entered Level 5 of the Dungeon
  3857 | D:5      | Reached skill level 7 in Stealth
  4086 | D:5      | Found a shadowy altar of Dithmenos.
  4359 | D:5      | Reached XP level 8. HP: 35/54 MP: 3/12
  4361 | D:5      | Reached skill level 8 in Stealth
  4742 | D:6      | Found a transporter.
  4749 | D:6      | Noticed a kobold demonologist
  4751 | D:6      | Noticed a kobold demonologist
  4758 | D:6      | Found a transporter.
  4948 | D:6      | Reached skill level 9 in Stealth
  4983 | D:6      | Reached skill level 5 in Short Blades
  5249 | D:6      | Learned a level 3 spell: Confuse
  5253 | D:6      | Learned a level 3 spell: Tukima's Dance
  5258 | D:6      | Learned a level 4 spell: Petrify
  5334 | D:7      | Found a bloodstained altar of Trog.
  5739 | D:7      | Reached skill level 5 in Fighting
  5754 | D:7      | Reached skill level 10 in Stealth
  5754 | D:7      | Reached XP level 9. HP: 61/61 MP: 13/15
  5794 | D:7      | Noticed a two-headed ogre
  5912 | D:7      | Found a stormy altar of Qazlal.
  5978 | D:7      | Found a staircase to the Ecumenical Temple.
  5987 | Temple   | Entered the Ecumenical Temple
  6414 | Temple   | Became a worshipper of Elyvilon the Healer
  6572 | D:8      | Noticed a two-headed ogre
  6576 | D:8      | Elyvilon protects you from harm!
  6576 | D:8      | Slain by an iguana

Skill      XL: |  1  2  3  4  5  6  7  8 |
---------------+-------------------------+-----
Fighting       | 1 2 3 4 5 |  5.1
Stealth        | 5 6 7 10 | 10.1
Short Blades   | 2 3 4 5 |  5.4
Ice Magic      | 1 |  1.3
Dodging        | 3 |  3.1
Spellcasting   | 4 |  4.3
Hexes          | |  3.2

Action                   |  1- 3 |  4- 6 |  7- 9 || total
-------------------------+-------+-------+-------++-------
Melee: Dagger            |    94 |   132 |   139 ||   365
       Constrict         |    16 |    30 |    19 ||    65
       Tentacles         |    12 |    14 |    30 ||    56
       Great sword       |       |       |     8 ||     8
Throw: Javelin           |       |     6 |       ||     6
 Cast: Ensorcelled Hiber |     2 |    20 |    34 ||    56
       Confuse           |       |       |     1 ||     1
       Corona            |       |       |     1 ||     1
 Stab: Sleeping          |     8 |    28 |    28 ||    64
       Distracted        |     1 |       |       ||     1
       Confused          |       |       |     1 ||     1
  Eat: Chunk             |     1 |     8 |     9 ||    18
       Fruit             |       |       |     1 ||     1
       Bread ration      |       |       |     1 ||     1
Armor: Skin              |     4 |     8 |    31 ||    43
Dodge: Dodged            |    46 |    73 |    96 ||   215
       Rpst.: Great sword |       |       |     3 ||     3
